 Dungeon Crawl Stone Soup version 0.29-a0-819-g94b489e0ae (webtiles) character file.

Game seed: 7266015986216553841

1379 Morbidden the Ruffian (level 8, -3/72 HPs)
             Began as a Troll Conjurer on July 7, 2022.
             Slain by an orc warrior
             ... wielding a +2 glaive of protection
              (10 damage)
             ... on level 5 of the Dungeon.
             The game lasted 00:05:26 (4444 turns).

Morbidden the Ruffian (Troll Conjurer)              Turns: 4444, Time: 00:05:27

Health: -3/72      AC: 10    Str: 16    XL:     8   Next: 39%
Magic:  10/10      EV: 10    Int: 16    God:
Gold:   220        SH:  0    Dex:  8    Spells: 7/11 levels left

rFire   . . .      SeeInvis .     - Unarmed
rCold   . . .      Faith    .   (no shield)
rNeg    . . .      Spirit   .   w - +1 robe {Will+}
rPois   .          Reflect  .   (helmet restricted)
rElec   .          Harm     .   e - +0 cloak
rCorr   .          Rampage  .   (gloves unavailable)
Will    +....      Rnd*Tele +   (boots unavailable)
Stlth   +.........              (no amulet)
HPRegen 1.02/turn               q - +4 ring of protection
MPRegen 0.12/turn               (no ring)

@: confused, ambrosia-drunk
A: large, unfitting armour, claws 3, regeneration 1, shaggy fur 1, tough skin 1,
hooves 1, teleportitis 1
a: no special abilities


You were on level 5 of the Dungeon.
You visited 1 branch of the dungeon, and saw 5 of its levels.

You collected 220 gold pieces.

Inventory:

Missiles
 j - 6 javelins (quivered)
 t - 10 poisoned darts
 y - 2 throwing nets
Armour
 e - a +0 cloak (worn)
 w - a +1 robe of willpower (worn)
Magical Staves
 b - a staff of conjuration
Jewellery
 q - a +4 ring of protection (left claw)
Wands
 v - a wand of polymorph (3)
Scrolls
 c - a scroll of brand weapon {unknown}
 f - 2 scrolls of teleportation {unknown}
 g - a scroll of enchant armour {unknown}
 i - a scroll of amnesia {unknown}
 o - a scroll of enchant weapon {unknown}
 p - a scroll of immolation {unknown}
 r - 2 scrolls of identify {unknown}
 s - a scroll of magic mapping {unknown}
Potions
 a - a potion of magic
 d - a potion of brilliance {unknown}
 h - a potion of might
 l - a potion of attraction {unknown}
 m - 2 potions of mutation
 n - a potion of berserk rage {unknown}
 u - 2 potions of degeneration {unknown}
 x - a potion of haste {unknown}


   Skills:
 * Level 2.1 Fighting
 * Level 3.8 Dodging
 + Level 1.5 Stealth
 * Level 6.2 Unarmed Combat
 * Level 2.3 Spellcasting
 * Level 4.0 Conjurations
 * Level 2.1 Air Magic


You had 7 spell levels left.
You knew the following spells:

 Your Spells              Type           Power      Damage    Failure   Level
a - Magic Dart            Conj           56%        1d5       3%          1
b - Searing Ray           Conj           28%        2d5       6%          2
c - Shock                 Conj/Air       44%        1d5       5%          1

Your spell library contained the following spells:

 Spells                   Type           Power      Damage    Failure   Level
 Swiftness                Air            8%         N/A       24%         3
 Dazzling Flash           Conj/Hex       16%        N/A       26%         3
 Gell's Gravitas          Tloc           1%         N/A       52%         3
 Lesser Beckoning         Tloc           1%         N/A       52%         3
 Teleport Other           Tloc           1%         N/A       52%         3
 Airstrike                Air            4%         0-3+      63%         4
 Fulminant Prism          Conj/Hex       4%         3d6       65%         4
 Iskenderun's Mystic Bla  Conj/Tloc      8%         2d4       65%         4


Dungeon Overview and Level Annotations

Branches:
Dungeon (5/15)             Temple (0/1) D:5

Altars:
Dithmenos
Gozag
Kikubaaqudgha
Uskayaw
Xom


Innate Abilities, Weirdness & Mutations

You are too large for most types of armour.
You have claws for hands.
Your natural rate of healing is unusually fast.
You are covered in fur. (AC +1)
You have tough skin. (AC +1)
You have large cloven feet.
You are occasionally teleported next to monsters.


Message History

The orc warrior barely misses you.
You closely miss the orc warrior.
The orc warrior is lightly wounded.
The orc warrior hits you with a +2 glaive of protection!
You barely miss the orc warrior.
You claw the orc warrior, but do no damage.
The orc warrior is lightly wounded.
The orc warrior closely misses you.
Unknown command.
Unknown command.
Unknown command.
Unknown command.
Unknown command.
You scratch the orc warrior.
The orc warrior is moderately wounded.
The orc warrior hits you with a +2 glaive of protection!
Unknown command.
You scratch the orc warrior but do no damage.
The orc warrior is moderately wounded.
The orc warrior hits you with a +2 glaive of protection.
Unknown command.
You barely miss the orc warrior.
The orc warrior is moderately wounded.
The orc warrior hits you with a +2 glaive of protection!
* * * LOW HITPOINT WARNING * * *
You scratch the orc warrior but do no damage.
The orc warrior is moderately wounded.
The orc warrior hits you but does no damage.
Unknown command.
Unknown command.
It was a potion of mutation.
You feel extremely strange.
Your feet thicken and deform.
You feel weirdly uncertain.
The orc warrior hits you with a +2 glaive of protection!
* * * LOW HITPOINT WARNING * * *
Unknown command.
You are confused.
You feel invigorated.
The orc shouts!
The orc warrior hits you with a +2 glaive of protection!
You die...

.†.#####.######..........### ...#
#..# ##.........## .=##
##.####...#####..# ### #.##...#.#
#.)..##
#########....###.###.##..######
.............# #.##.).........##
............## #.#.)<..........##
#######..o..####.o..............#
###.......@...............#
#...####................# #...#
#................# #...#
#................# #...#
#...............># #...#
###.............## #####
##.....#.....## #############


You could see an orc warrior and an orc.

Vanquished Creatures
  Sigmund (D:4)
  Menkaure (D:5)
  A water moccasin (D:5)
  An ice beast (D:5)
  2 black bears
  A necrophage (D:5)
  A howler monkey (D:5)
  3 hounds
  3 orc priests
  A gnoll bouda (D:4)
  5 orc wizards
  2 iguanas
  10 gnolls
  3 adders
  A shadow imp (D:5)
  A worm (D:3)
  4 dart slugs
  16 orcs
  6 endoplasms
  3 giant cockroaches
  5 hobgoblins
  5 quokkas
  8 ball pythons
  7 bats
  2 frilled lizards
  3 goblins
  9 kobolds
  9 rats
114 creatures vanquished.

Vanquished Creatures (others)
  5 fungi (D:5)
  2 plants (D:2)
7 creatures vanquished.

Grand Total: 121 creatures vanquished

Notes
Turn   | Place    | Note
-------+----------+-------------------------------------------
     0 | D:1      | Morbidden the Troll Conjurer began the quest for the Orb.
     0 | D:1      | Reached XP level 1. HP: 16/16 MP: 1/1
   204 | D:1      | Reached XP level 2. HP: 24/24 MP: 3/3
   822 | D:2      | Reached skill level 1 in Unarmed Combat
   951 | D:2      | Reached XP level 3. HP: 31/31 MP: 4/4
   994 | D:2      | Found a faded altar of an unknown god.
  1247 | D:2      | Reached skill level 2 in Unarmed Combat
  1726 | D:3      | Reached XP level 4. HP: 40/40 MP: 5/5
  1729 | D:3      | Learned a level 2 spell: Searing Ray
  1731 | D:3      | Learned a level 1 spell: Shock
  1932 | D:3      | Reached skill level 3 in Unarmed Combat
  1932 | D:3      | Reached XP level 5. HP: 31/46 MP: 6/6
  2319 | D:3      | Found an ancient bone altar of Kikubaaqudgha.
  2319 | D:3      | Found a shadowy altar of Dithmenos.
  2327 | D:3      | Found a shimmering altar of Xom.
  2329 | D:3      | Found a hide-covered altar of Uskayaw.
  2335 | D:3      | Found an opulent altar of Gozag.
  2916 | D:4      | Reached XP level 6. HP: 46/54 MP: 7/7
  2999 | D:4      | Reached skill level 1 in Fighting
  3116 | D:4      | Noticed Sigmund
  3133 | D:4      | Killed Sigmund
  3134 | D:4      | Reached skill level 4 in Unarmed Combat
  3134 | D:4      | Reached skill level 1 in Air Magic
  3175 | D:4      | Reached XP level 7. HP: 51/62 MP: 8/8
  3542 | D:5      | Entered Level 5 of the Dungeon
  3544 | D:5      | Noticed Menkaure
  3731 | D:5      | Killed Menkaure
  3732 | D:5      | Reached skill level 5 in Unarmed Combat
  3814 | D:5      | Found a staircase to the Ecumenical Temple.
  4297 | D:5      | Reached XP level 8. HP: 70/72 MP: 2/10
  4330 | D:5      | Reached skill level 6 in Unarmed Combat
  4443 | D:5      | Gained mutation: You have large cloven feet. [potion of
                  | mutation]
  4443 | D:5      | Gained mutation: You are occasionally teleported next to
                  | monsters. [potion of mutation]
  4443 | D:5      | HP: 3/72 [orc warrior/+2 glaive of protection (15)]
  4444 | D:5      | Slain by an orc warrior

Illustrated notes

Levels and vault maps discovered:
D:1:      psy_arrival_wood_between_worlds, layout_loops_ring, st_stairs_12,
          nrook_campfire
D:2:      cheibrodos_old_hovel, layout_loops_corners, basic_ecumenical_altar,
          palyth_stone_intersect
D:3:      layout_loops_cross, chequers_temple_overflow_minitemple,
          hangedman_decor_growths, minmay_misc_feat_room
D:4:      layout_basic, amcnicky_mini_pool_small, uniq_sigmund
D:5:      layout_rooms, minmay_temple_entry_glass, dreamdust_mushroom_princess,
          uniq_menkaure

Skill      XL: |  1  2  3  4  5  6  7  8 |
---------------+-------------------------+-----
Conjurations   | 3 4 |  4.0
Unarmed Combat | 1 2 3 4 5 6 |  6.2
Dodging        | 2 3 |  3.8
Fighting       | 1 2 |  2.1
Air Magic      | 1 2 |  2.1
Spellcasting   | 2 |  2.3
Stealth        | |  1.5

Action                   |  1- 3 |  4- 6 |  7- 9 || total
-------------------------+-------+-------+-------++-------
Melee: Unarmed           |   133 |   120 |    81 ||   334
       Punch             |     1 |     1 |     2 ||     4
       Staff             |       |       |     1 ||     1
 Cast: Magic Dart        |       |     7 |    15 ||    22
       Searing Ray       |       |     1 |    16 ||    17
  Use: Potion            |       |     2 |     2 ||     4
 Stab: Sleeping          |       |     2 |       ||     2
Armor: Robe              |    60 |    43 |    45 ||   148
Dodge: Dodged            |    69 |    50 |    70 ||   189

Table legend: (Time is in decaauts)
 A = Elapsed time spent in this place.
 B = Non-inter-level travel time spent in this place.
 C = Inter-level travel time spent in this place.
 D = Time resting spent in this place.
 E = Time spent auto-exploring this place.
 F = Levels seen in this place.
 G = Mean time per level.
                   A        B        C        D        E       F      G
               +--------+--------+--------+--------+--------+-----+--------+
         Total |   4429 |   4105 |    324 |    420 |   2791 |   5 |  885.8 |
       Dungeon |   4429 |   4105 |    324 |    420 |   2791 |   5 |  885.8 |
               +--------+--------+--------+--------+--------+-----+--------+

Top non-repeatable levels by time:
     D:4: 1247 daAuts
     D:2: 968 daAuts
     D:3: 912 daAuts
     D:1: 893 daAuts
     D:5: 406 daAuts
